 Seeded DCSS version 0.31-a0-204-g7da18cac08 (webtiles) character file.

Game seed: 796492165999276889 (custom seed)

4933 innerfire43 the Cleaver (level 10, -1/80 HPs)
             Began as a Demonspawn Monk on June 27, 2023.
             Was a Plaything of Xom.
             Slain by a cyclops (21 damage)
             ... on level 9 of the Dungeon.
             The game lasted 00:12:13 (7282 turns).

innerfire43 the Cleaver (Demonspawn Monk)           Turns: 7282, Time: 00:12:14

Health: -1/80      AC: 31    Str: 16    XL:     10   Next: 27%
Magic:  10/10      EV:  9    Int: 11    God:    Xom [*.....]
Gold:   462        SH:  5    Dex: 16    Spells: 9/9 levels left

rFire   . . .        M - +2 battleaxe (freeze)
rCold   + . .        (shield currently unavailable)
rNeg    . . .        x - +18 Lear's hauberk
rPois   .            (helmet currently unavailable)
rElec   .            (no cloak)
rCorr   .            (gloves currently unavailable)
SInv    .            (boots currently unavailable)
Will    .....        F - amulet of reflection Stlth
                     D - ring of wizardry
HPRegen 0.33/turn    r - ring of protection from cold
MPRegen 0.12/turn

%: reflection, wizardry (x1)
@: mighty, very slow
A: antennae 1, molten scales 2, ignite blood 2, hooves 1
a: Renounce Religion


You were on level 9 of the Dungeon.
You worshipped Xom.
You were a special plaything of Xom.
You visited 1 branch of the dungeon, and saw 9 of its levels.

You collected 462 gold pieces.

Inventory:

Hand Weapons
 a - a +0 hand axe
 y - a +0 whip of flaming
 z - a +3 mace of venom
 I - a +1 heavy morningstar
 K - a +2 mace of freezing
 M - a +2 battleaxe of freezing (weapon)
Armour
 b - a +0 robe
 d - an orb of light
 f - an orb of mayhem
 k - +0 acid dragon scales
 p - a +2 pair of gloves
 x - the +18 Lear's hauberk (worn)
   (You found it on level 4 of the Dungeon)
 H - the +0 buckler "Ucovan" {rF- rC++ rCorr SInv}
   (You found it on level 7 of the Dungeon)

   rF:        It makes you vulnerable to fire.
   rC:        It greatly protects you from cold.
   SInv:      It lets you see invisible.
   rCorr:     It protects you from acid and corrosion.
 O - an orb of energy
Jewellery
 l - a ring of fire
 r - a ring of protection from cold (right hand)
 D - a ring of wizardry (left hand)
 F - an amulet of reflection (around neck)
 G - a ring of ice
Wands
 c - a wand of digging (3)
 g - a wand of flame (20)
 t - a wand of quicksilver (9)
 J - a wand of charming (11)
 L - a wand of polymorph (7)
Scrolls
 h - a scroll of torment
 j - 3 scrolls of enchant armour
 m - 3 scrolls of amnesia
 n - 2 scrolls of vulnerability
 u - a scroll of poison
 E - 3 scrolls of teleportation
 N - a scroll of fog {unknown}
Potions
 e - 3 potions of attraction {unknown}
 o - 2 potions of mutation {unknown}
 q - 3 potions of curing
 s - 2 potions of degeneration {unknown}
 v - 4 potions of enlightenment {unknown}
 w - 2 potions of cancellation {unknown}
 A - a potion of brilliance {unknown}
 B - a potion of invisibility {unknown}
Miscellaneous
 C - a box of beasts (inert)


   Skills:
 + Level 7.9 Fighting
 * Level 9.1 Axes
 * Level 7.8 Armour
 - Level 4.5 Dodging


You had 9 spell levels left.
You didn't know any spells.
Your spell library contained the following spells:

 Spells                   Type           Power      Damage    Failure   Level
 Apportation              Tloc           0%         N/A       75%         1
 Necrotise                Necr           0%         1d4       75%         1
 Sandblast                Erth           0%         2d4       75%         1
 Summon Small Mammal      Summ           0%         N/A       75%         1
 Passwall                 Tmut/Erth      0%         N/A       86%         2
 Stone Arrow              Conj/Erth      0%         3d7       97%         3
 Animate Armour           Summ/Erth      0%         N/A       100%        4
 Lehudib's Crystal Spear  Conj/Erth      0%         10d2      100%        8


Dungeon Overview and Level Annotations

Branches:
Dungeon (9/15)             Temple (0/1) D:7
   Lair: D:8-11         Orc: D:9-12

Altars:
Dithmenos
Qazlal
Ru
Xom

Shops:
D:9 (*


Innate Abilities, Weirdness & Mutations

You have a pair of small antennae on your head.
You are mostly covered in molten scales. (AC +3)
Your demonic aura often causes spilled blood to erupt in flames.
You have large cloven feet.


Message History

"Go forth and destroy!"
You feel very mighty all of a sudden.
You are now a special plaything of Xom.
The electric eel shoots out a bolt of lightning at you!
The bolt of electricity hits you.
The polar bear bites you but does no damage.
The polar bear barely misses you. The polar bear claws you.
The cyclops hits you! You block the polar bear's attack.
The polar bear claws you but does no damage. x2
Your unstable footing causes you to fumble your attack.
The polar bear bites you but does no damage.
The polar bear claws you but does no damage. x2
You block the cyclops's attack.
The electric eel shoots out a bolt of lightning at you!
The bolt of electricity hits you!
* * * LOW HITPOINT WARNING * * *
The cyclops throws a large rock.
The large rock hits you!!
* * * LOW HITPOINT WARNING * * *
The polar bear bites you but does no damage.
The polar bear claws you but does no damage. x2
Unknown command.
You feel better.
Xom's power touches on your mind for a moment.
You are confused.
The polar bear bites you but does no damage.
The polar bear claws you but does no damage. x2
Okay, then.
You feel better.
The polar bear bites you but does no damage.
The polar bear claws you but does no damage. x2
The cyclops hits you!
* * * LOW HITPOINT WARNING * * *
You feel better. The polar bear closely misses you.
The polar bear claws you but does no damage.
The polar bear barely misses you.
You open the lid... ...and a larval firebat beast flies out!
The box is emptied!
The cyclops hits you!!
You die...
Xom snickers!

#.# #.# #.# #.# #..#
#.####### #.#
####.~≈######........
...
...~~~.~)............
###
.....~≈..#.####......
.~..~≈~~.#.# .#####
..~.~..~.H.# .#
#~~~~..~~†.####.#
#.~~...~@~......#
#.~..~~Ch..###..#
#.~...†≈S~.# #
#.~.∩..~~~.#
#.~....~...#
#.≈....~...#
#.~.~~.~~~.#
#.~..~~~.~.#
#.~..~~~.~.#


You could see a cyclops, a polar bear (ally target), an electric eel and a
friendly larval firebat beast (summoned).

Vanquished Creatures
  A two-headed ogre (D:7)
  Pikel (D:5)
  Maggie (D:8)
  2 trolls (D:9)
  Prince Ribbit (D:6)
  Sigmund (D:6)
  Eustachio (D:6)
  A steam dragon (D:3)
  An ice beast (D:7)
  A centaur (D:8)
  A phantom (D:4)
  A gnoll sergeant (D:9)
  3 scorpions
  4 bullfrogs
  7 wights (D:8)
  10 killer bees
  An electric eel (D:9)
  2 howler monkeys
  2 gnoll boudas
  4 hounds
  3 jellies (D:6)
  2 sleepcaps
  2 iguanas (D:4)
  4 orc wizards
  A human simulacrum (D:9)
  A killer bee simulacrum (D:9)
  16 gnolls
  6 adders
  3 white imps
  2 ufetubi
  A worm (D:3)
  A dart slug (D:3)
  19 orcs
  5 endoplasms
  3 giant cockroaches
  5 goblins
  11 hobgoblins
  4 kobolds
  3 quokkas
  8 ball pythons
  4 bats
  7 frilled lizards
  4 rats
161 creatures vanquished.

Vanquished Creatures (collateral kills)
  A scorpion (D:5)
  A killer bee (D:9)
  A jelly (D:5)
3 creatures vanquished.

Vanquished Creatures (others)
  A gnoll bouda (D:5)
1 creature vanquished.

Grand Total: 165 creatures vanquished

Notes
Turn   | Place    | Note
-------+----------+-------------------------------------------
     0 | D:1      | innerfire43 the Demonspawn Monk began the quest for the
                  | Orb.
     0 | D:1      | Reached XP level 1. HP: 18/18 MP: 1/1
   340 | D:1      | Gained mutation: You have a pair of small antennae on your
                  | head. [demonic ancestry]
   340 | D:1      | Reached XP level 2. HP: 24/24 MP: 2/2
   915 | D:1      | Reached skill level 3 in Axes
  1086 | D:2      | Reached XP level 3. HP: 14/29 MP: 3/3
  1172 | D:2      | Found a sacrificial altar of Ru.
  1358 | D:2      | Found a faded altar of an unknown god.
  1364 | D:2      | Prayed at the altar of an unknown god.
  1364 | D:2      | Became a worshipper of Xom the Fickle
  1495 | D:2      | XOM: silly message
  1796 | D:3      | XOM: stealth player
  1921 | D:3      | Gained mutation: You are partially covered in molten
                  | scales. (AC +2) [demonic ancestry]
  1921 | D:3      | Reached XP level 4. HP: 36/37 MP: 4/4
  2035 | D:3      | XOM: cleaving
  2036 | D:3      | XOM: noise
  2044 | D:3      | an orc priest changed into a steam dragon
  2044 | D:3      | Noticed a steam dragon
  2044 | D:3      | XOM: polymorph orc priest -> steam dragon
  2051 | D:3      | XOM: 1-stop teleportation journey
  2182 | D:3      | XOM: cast spell 'Death Channel'
  2184 | D:3      | Killed a steam dragon
  2185 | D:3      | Gained mutation: Your demonic aura sometimes causes spilled
                  | blood to erupt in flames. [demonic ancestry]
  2185 | D:3      | Reached XP level 5. HP: 11/43 MP: 5/5
  2472 | D:4      | Reached skill level 4 in Axes
  2516 | D:4      | Noticed a phantom
  2517 | D:4      | XOM: enchant monster (bad)
  2530 | D:4      | Killed a phantom
  2531 | D:4      | Gained mutation: You are mostly covered in molten scales.
                  | (AC +3) [demonic ancestry]
  2531 | D:4      | Reached XP level 6. HP: 44/49 MP: 6/6
  2598 | D:4      | Found a stormy altar of Qazlal.
  2598 | D:4      | XOM: 2-stop teleportation journey
  2749 | D:4      | Found the +18 Lear's hauberk
  3003 | D:4      | XOM: summons 3 hostile demons
  3043 | D:4      | XOM: summons 2 hostile shadow creatures
  3047 | D:4      | HP: 2/50 [hound (5)]
  3066 | D:4      | Reached skill level 5 in Fighting
  3168 | D:4      | XOM: give mutation
  3168 | D:4      | Gained mutation: You have large cloven feet. [Xom's
                  | mischief]
  3285 | D:5      | Entered Level 5 of the Dungeon
  3307 | D:5      | XOM: god gift: chain mail {god gift}
  3314 | D:5      | XOM: divine lightning
  3347 | D:5      | Reached skill level 1 in Armour
  3366 | D:5      | Reached XP level 7. HP: 34/56 MP: 7/7
  3438 | D:5      | Reached skill level 5 in Axes
  3587 | D:5      | XOM: cleaving
  3589 | D:5      | XOM: cleaving
  3592 | D:5      | XOM: scenery: summon butterflies
  3597 | D:5      | XOM: cast spell 'Summon Horrible Things'
  3605 | D:5      | XOM: 3-stop teleportation journey
  3821 | D:5      | Noticed Pikel
  3826 | D:5      | XOM: fog
  3837 | D:5      | XOM: summons friendly crimson imp
  3847 | D:5      | Killed Pikel
  3848 | D:5      | Reached skill level 6 in Axes
  3848 | D:5      | Reached XP level 8. HP: 42/64 MP: 8/8
  4280 | D:6      | Noticed Eustachio
  4376 | D:5      | XOM: god gift: 21 gold pieces
  4459 | D:6      | XOM: cast spell 'Chain of Chaos'
  4468 | D:6      | XOM: cast spell 'Cause Fear'
  4470 | D:6      | XOM: 3-stop teleportation journey
  4739 | D:6      | Noticed Prince Ribbit
  4744 | D:6      | Killed Prince Ribbit
  4771 | D:6      | Killed Eustachio
  4772 | D:6      | Reached skill level 7 in Axes
  4772 | D:6      | Reached skill level 5 in Armour
  4939 | D:6      | XOM: god gift: box of beasts
  5214 | D:6      | Noticed Sigmund
  5224 | D:6      | Reached XP level 9. HP: 71/71 MP: 9/9
  5226 | D:6      | Killed Sigmund
  5265 | D:7      | XOM: chaos upgrade
  5414 | D:7      | XOM: divination: detect creatures
  5499 | D:7      | XOM: cleaving
  5798 | D:7      | Identified the +0 buckler "Ucovan" {rF- rC++ rCorr SInv}
  5817 | D:7      | Found a staircase to the Ecumenical Temple.
  5890 | D:7      | Found a flagged portal.
  6005 | D:7      | XOM: scenery: create altars
  6099 | D:8      | XOM: noise
  6099 | D:8      | Noticed a two-headed ogre
  6107 | D:8      | XOM: fake destruction
  6115 | D:7      | XOM: confuse monster(s)
  6118 | D:7      | Killed a two-headed ogre
  6119 | D:7      | Reached skill level 8 in Axes
  6405 | D:8      | XOM: confusion (+ monsters)
  6453 | D:8      | Found a shadowy altar of Dithmenos.
  6472 | D:8      | Noticed Maggie
  6482 | D:8      | XOM: divination: magic mapping
  6498 | D:8      | Killed Maggie
  6499 | D:8      | Gained mutation: Your demonic aura often causes spilled
                  | blood to erupt in flames. [demonic ancestry]
  6499 | D:8      | Reached XP level 10. HP: 56/79 MP: 10/10
  6898 | D:8      | XOM: scenery: create altars
  7132 | D:9      | Found Petoggul's General Store.
  7161 | D:9      | Reached skill level 9 in Axes
  7164 | D:9      | XOM: summons 5 friendly demons
  7196 | D:9      | Found Semm's Weapon Shoppe.
  7261 | D:9      | XOM: smoke on damage
  7261 | D:9      | Noticed a cyclops
  7276 | D:9      | XOM: potion effect (might)
  7278 | D:9      | HP: 1/80 [cyclops/large rock (18)]
  7279 | D:9      | XOM: confusion
  7282 | D:9      | Slain by a cyclops

Illustrated notes

Levels and vault maps discovered:
D:1:      erik_arrival_orb_chamber, layout_basic, serial_forest,
          infiniplex_forest_end_3, infiniplex_forest_clump_long,
          infiniplex_forest_clump_diagonal, infiniplex_forest_lined_3,
          infiniplex_forest_lined_room_3, infiniplex_forest_end_double,
          infiniplex_forest_clump_tiny, grunt_decor_mini_mirrors,
          wander_ebering_terrifying_dragon_lair
D:2:      layout_basic, shapermc_ecumenical_altar_petra, basic_altar
D:3:      layout_rooms
D:4:      layout_basic, nicolae_qazlal_general_emergency, item_on_display_a
D:5:      layout_rooms, uniq_pikel
D:6:      layout_rooms, item_on_display_a, uniq_prince_ribbit1, uniq_sigmund,
          uniq_eustachio
D:7:      layout_basic, temple_pool_b, enter_bailey_3
D:8:      layout_cave_pools, nicolae_overflow_crystal_walls,
          chequers_mini_garden, uniq_maggie
D:9:      layout_small_grid, serial_shops, shop, nicolae_shop_hallway_plus,
          nicolae_shop_rolling_square, shop, nicolae_shop_rolled_up, serial_ice,
          serial_ice_e, serial_ice_f, serial_ice_m, serial_ice_h, serial_ice_g,
          serial_ice_j, minivault_25, bh_circular_ruins

Skill      XL: |  1  2  3  4  5  6  7  8  9 10 |
---------------+-------------------------------+-----
Axes           | 3 4 6 7 8 9 |  9.1
Dodging        | 3 4 |  4.5
Fighting       | 4 5 6 7 |  7.9
Armour         | 1 3 5 7 |  7.8

Action                     |  1- 3 |  4- 6 |  7- 9 | 10-12 || total
---------------------------+-------+-------+-------+-------++-------
  Melee: Hand axe          |   116 |   207 |   344 |    53 ||   720
         Kick              |       |    21 |   155 |    35 ||   211
         Battleaxe         |       |       |       |    33 ||    33
  Evoke: Box of beasts     |       |       |       |     1 ||     1
    Use: Potion            |       |     3 |       |     4 ||     7
         Scroll            |       |       |    10 |       ||    10
 Armour: Robe              |     2 |       |       |       ||     2
         Acid dragon scale |    31 |    77 |       |       ||   108
         Chain mail        |       |    54 |   313 |   119 ||   486
  Dodge: Dodged            |    73 |   167 |   201 |    58 ||   499
  Block: Orb               |       |       |    18 |    22 ||    40
         Reflection        |       |       |     1 |       ||     1
         Other             |       |       |       |    21 ||    21

Table legend: (Time is in decaauts)
 A = Elapsed time spent in this place.
 B = Non-inter-level travel time spent in this place.
 C = Inter-level travel time spent in this place.
 D = Time resting spent in this place.
 E = Time spent auto-exploring this place.
 F = Levels seen in this place.
 G = Mean time per level.
                   A        B        C        D        E       F      G
               +--------+--------+--------+--------+--------+-----+--------+
         Total |   7315 |   7060 |    255 |      0 |   5411 |   9 |  812.8 |
       Dungeon |   7315 |   7060 |    255 |      0 |   5411 |   9 |  812.8 |
               +--------+--------+--------+--------+--------+-----+--------+

Top non-repeatable levels by time:
     D:5: 1158 daAuts
     D:1: 1079 daAuts
     D:7: 956 daAuts
     D:4: 838 daAuts
     D:6: 818 daAuts
     D:2: 731 daAuts
     D:8: 725 daAuts
     D:3: 667 daAuts
     D:9: 337 daAuts
